 Dungeon Crawl Stone Soup version 0.28.0 (webtiles) character file.

Game seed: 2932083879261325528

198 arthad the Skirmisher (level 5, -5/33 HPs)
             Began as a Gargoyle Fighter on Feb 13, 2022.
             Slain by an ogre (10 damage)
             ... on level 4 of the Dungeon.
             The game lasted 00:05:12 (3704 turns).

arthad the Skirmisher (Gargoyle Fighter)            Turns: 3704, Time: 00:05:14

Health: -5/33      AC: 14    Str: 22    XL:     5   Next: 77%
Magic:  6/6        EV:  9    Int:  8    God:
Gold:   128        SH:  4    Dex:  9    Spells: 5/5 levels left

rFire   . . .      SeeInvis .   a - +0 war axe
rCold   . . .      Faith    .   c - +0 buckler
rNeg    + . .      Spirit   .   b - +0 scale mail
rPois   ∞          Reflect  .   (no helmet)
rElec   +          Harm     .   q - +0 cloak
rCorr   .          Rampage  .   s - +0 pair of gloves
Will    +....                   l - +0 pair of boots
Stlth   ..........              (no amulet)
HPRegen 0.11/turn               e - ring of wizardry
MPRegen 0.10/turn               k - ring of willpower

@: flying
A: sickness immunity, AC +4, negative energy resistance 1, electricity
resistance, torment resistance 1, petrification resistance
a: no special abilities


You were on level 4 of the Dungeon.
You visited 1 branch of the dungeon, and saw 4 of its levels.

You collected 128 gold pieces.

Inventory:

Hand Weapons
 a - a +0 war axe (weapon)
Missiles
 n - 4 javelins (quivered)
Armour
 b - a +0 scale mail (worn)
 c - a +0 buckler (worn)
 j - a +0 pair of boots
 l - a +0 pair of boots (worn)
 o - an orb of guile
 q - a +0 cloak (worn)
 s - a +0 pair of gloves (worn)
Magical Staves
 m - a staff of fire
Jewellery
 e - a ring of wizardry (left hand)
 k - a ring of willpower (right hand)
Scrolls
 g - 3 scrolls of teleportation {unknown}
 h - 2 scrolls of fog {unknown}
 i - 6 scrolls of identify {unknown}
 p - a scroll of immolation {unknown}
 r - a scroll of blinking {unknown}
Potions
 d - a potion of might


   Skills:
 * Level 4.3 Fighting
 * Level 2.6 Axes
 * Level 4.2 Armour
 + Level 1.0 Dodging
 + Level 1.8 Stealth
 * Level 4.0 Shields
 + Level 0.9 Spellcasting


You had 5 spell levels left.
You didn't know any spells.
Your spell library contained the following spells:

 Spells                   Type           Power      Damage    Failure   Level
 Blade Hands              Tmut           0%         N/A       100%        5
 Irradiate                Conj/Tmut      0%         3d13      100%        5
 Dragon Form              Tmut           0%         N/A       100%        7


Dungeon Overview and Level Annotations

Branches:
Dungeon (4/15)
 Temple: D:4-7

Altars:


Innate Abilities, Weirdness & Mutations

You are immune to sickness and miasma.
Your stone body is resilient. (AC +4)
You are immune to poison.
You resist negative energy. (rN+)
You are resistant to electric shocks. (rElec)
You are resistant to unholy torment.
You are immune to petrification.


Message History

An ogre comes into view. It is wielding a +0 giant spiked club.
Found a stone staircase leading down.
The ogre shouts!
The ogre hits you with a +0 giant spiked club!
You slash the ogre!
The ogre is heavily wounded.
You slash the bullfrog skeleton! The bullfrog skeleton hits you.
The bullfrog skeleton hits you but does no damage.
You block the ogre's attack.
You barely miss the ogre.
The ogre is heavily wounded.
You hit the bullfrog skeleton but do no damage.
You block the bullfrog skeleton's attack.
The bullfrog skeleton closely misses you.
The ogre hits you with a +0 giant spiked club!
You are too injured to fight recklessly!
You hit the ogre.
The ogre is heavily wounded.
You hit the bullfrog skeleton.
The bullfrog skeleton completely misses you.
You block the ogre's attack. The bullfrog skeleton hits you.
* * * LOW HITPOINT WARNING * * *
You closely miss the ogre.
The ogre is heavily wounded.
You slash the bullfrog skeleton!
The bullfrog skeleton hits you but does no damage.
The ogre hits you with a +0 giant spiked club.
* * * LOW HITPOINT WARNING * * *
The bullfrog skeleton hits you but does no damage.
It was a potion of flight.
You feel very buoyant.
You fly up into the air.
The ogre barely misses you.
The bullfrog skeleton barely misses you.
You barely miss the ogre.
The ogre is heavily wounded.
You barely miss the bullfrog skeleton.
The bullfrog skeleton barely misses you.
An adder comes into view.
The ogre hits you with a +0 giant spiked club!
You die...

########
#......#
#>.....#
##......#
S......#
#......#
#.OZ...#
########.@....#
#......##.#####
##......<..#
........####
##......#
........#
........#
........#
###.....#


You could see an ogre, an adder (wandering) and a bullfrog skeleton.

Vanquished Creatures
  A centaur (D:3)
  Crazy Yiuf (D:2)
  4 gnolls (D:2)
  An adder (D:3)
  A worm (D:3)
  2 orcs
  An endoplasm (D:1)
  A giant cockroach (D:3)
  4 goblins
  3 hobgoblins
  4 jackals (D:3)
  4 kobolds
  5 quokkas
  4 bats
  2 frilled lizards
  4 rats
42 creatures vanquished.

Notes
Turn   | Place    | Note
-------+----------+-------------------------------------------
     0 | D:1      | arthad the Gargoyle Fighter began the quest for the Orb.
     0 | D:1      | Reached XP level 1. HP: 14/14 MP: 1/1
   567 | D:1      | Reached XP level 2. HP: 4/19 MP: 2/2
  1742 | D:2      | Reached skill level 1 in Stealth
  1785 | D:2      | Reached XP level 3. HP: 9/24 MP: 3/3
  1797 | D:2      | Reached XP level 4. HP: 17/29 MP: 4/4
  2154 | D:2      | Found a runed translucent door.
  2155 | D:2      | Noticed Crazy Yiuf
  2409 | D:2      | Killed Crazy Yiuf
  3122 | D:3      | Reached XP level 5. HP: 33/33 MP: 5/5
  3264 | D:3      | Noticed a centaur
  3272 | D:3      | Killed a centaur
  3558 | D:3      | Reached skill level 1 in Dodging
  3697 | D:4      | Noticed an ogre
  3704 | D:4      | Slain by an ogre

Illustrated notes

Levels and vault maps discovered:
D:1:      lemuel_arrival_river_bridge, layout_rooms, serial_forest,
          infiniplex_forest_lined_3_way, infiniplex_forest_lined_1,
          infiniplex_forest_lined_1, infiniplex_forest_end_2,
          infiniplex_forest_diagonal, infiniplex_forest_join,
          amcnicky_mini_pool_small, minmay_misc_feat_four_crosses
D:2:      layout_rooms, minivault_5, uniq_crazy_yiuf_cottage
D:3:      layout_loops_ring, kennysheep_nondescript
D:4:      wander_river, layout_rooms, nicolae_overflow_quartered_altars,
          mainiacjoe_overflow_24_doors, corexii_shack

Skill      XL: |  1  2  3  4  5 |
---------------+----------------+-----
Axes           | 2 |  2.6
Stealth        | 1 |  1.8
Fighting       | 4 |  4.3
Armour         | 4 |  4.2
Shields        | 4 |  4.0
Dodging        | 1 |  1.0
Spellcasting   | |  0.9

Action                   |  1- 3 |  4- 6 || total
-------------------------+-------+-------++-------
Melee: War axe           |    80 |    78 ||   158
  Use: Potion            |     1 |     1 ||     2
Armor: Scale mail        |    50 |    40 ||    90
Dodge: Dodged            |    47 |    51 ||    98
Block: Buckler           |    16 |    29 ||    45
